SNL (28 & UNDER)
WICHITA WRANGLERS @ BLACKIRON DRAGONS
09/23/2028
 
TOP OF THE 1ST
Wichita Wranglers batting - Pitching for BlackIron Dragons : RHP Ole Moree
Pitching: RHP Ole Moree
Batting: RHB Jesús Ramos 0-0: Ball
1-0: Foul Ball, location: 2F
1-1: Ground out 6-3 (Groundball, 6)
Batting: RHB Travis Ezell 0-0: Called Strike
0-1: Ground out 5-3 (Groundball, 56)
Batting: RHB José López 0-0: Fly out, F6 (Popup, 56)
Top of the 1st over - 0 run(s), 0 hit(s), 0 error(s), 0 left on base; Wichita 0 - BlackIron 0
BOTTOM OF THE 1ST
BlackIron Dragons batting - Pitching for Wichita Wranglers : RHP Rien Middelkamp
Pitching: RHP Rien Middelkamp
Batting: SHB Júlio Macías 0-0: Ball
1-0: Called Strike
1-1: Foul Ball, location: 2F
1-2: Ball
2-2: Strikes out looking
Batting: LHB Miguel García 0-0: Called Strike
0-1: Ball
1-1: Foul Ball, location: 2F
1-2: Ball
2-2: SINGLE (Line Drive, 89S)
Batting: RHB Brady McIntyre 0-0: Foul Ball, location: 2F
0-1: SINGLE (Groundball, 6MD)
Miguel García to second
Runner from 2nd tries for 3rd, OUT!
Batting: RHB Vernon Sterling 0-0: Called Strike
0-1: Foul Ball, location: 2F
0-2: Foul Ball, location: 2F
0-2: Ball
1-2: Strikes out swinging, 2-3 out at first.
Bottom of the 1st over - 0 run(s), 2 hit(s), 0 error(s), 1 left on base; Wichita 0 - BlackIron 0
TOP OF THE 2ND
Wichita Wranglers batting - Pitching for BlackIron Dragons : RHP Ole Moree
Batting: RHB Félix Gonzáles 0-0: Called Strike
0-1: Foul Ball, location: 2F
0-2: Foul Ball, location: 2F
0-2: Ball
1-2: DOUBLE (Line Drive, 3D)
Batting: LHB Richard Hinkle 0-0: Ball
1-0: Fly out, F8 (Line Drive, 8RM)
Batting: RHB Rusty Bennett 0-0: Called Strike
0-1: Foul Ball, location: 2F
0-2: Strikes out swinging
Batting: LHB Dudley Cooper 0-0: Ball
1-0: Ball
2-0: Called Strike
2-1: Foul Ball, location: 2F
2-2: Ball
3-2: Foul Ball, location: 2F
3-2: Strikes out swinging
Top of the 2nd over - 0 run(s), 1 hit(s), 0 error(s), 1 left on base; Wichita 0 - BlackIron 0
BOTTOM OF THE 2ND
BlackIron Dragons batting - Pitching for Wichita Wranglers : RHP Rien Middelkamp
Batting: LHB Jeff Thompson 0-0: Ball
1-0: Called Strike
1-1: Foul Ball, location: 2F
1-2: Strikes out looking
Batting: LHB Manuel Cardenas 0-0: Ball
1-0: Called Strike
1-1: Foul Ball, location: 2F
1-2: Fly out, F2 (Popup, 2L)
Batting: LHB Milo Glenn 0-0: Swinging Strike
0-1: Foul Ball, location: 2F
0-2: Ball
1-2: Strikes out swinging
Bottom of the 2nd over - 0 run(s), 0 hit(s), 0 error(s), 0 left on base; Wichita 0 - BlackIron 0
TOP OF THE 3RD
Wichita Wranglers batting - Pitching for BlackIron Dragons : RHP Ole Moree
Batting: RHB Jorge Barbosa 0-0: Ball
1-0: Swinging Strike
1-1: Fly out, F8 (Flyball, 8LD)
Batting: RHB Ricardo Velásquez 0-0: Ball
1-0: Ball
2-0: Ball
3-0: Base on Balls
Batting: RHB Jesús Ramos 0-0: Ball
1-0: Called Strike
1-1: Ball
2-1: Foul Ball, location: 2F
2-2: Grounds into double play, 5-4-3 (Groundball, 5)
Top of the 3rd over - 0 run(s), 0 hit(s), 0 error(s), 0 left on base; Wichita 0 - BlackIron 0
BOTTOM OF THE 3RD
BlackIron Dragons batting - Pitching for Wichita Wranglers : RHP Rien Middelkamp
Batting: LHB António Romo 0-0: Ball
1-0: Swinging Strike
1-1: Called Strike
1-2: Ball
2-2: Foul Ball, location: 2F
2-2: Ball
3-2: Foul Ball, location: 2F
3-2: Fly out, F7 (Flyball, 78M)
Batting: RHB Bernardo Corona 0-0: Ball
1-0: Ball
2-0: Called Strike
2-1: Ground out 6-3 (Groundball, 56)
Batting: SHB Júlio Macías 0-0: Ball
1-0: Foul Ball, location: 2F
1-1: Called Strike
1-2: Strikes out swinging
Bottom of the 3rd over - 0 run(s), 0 hit(s), 0 error(s), 0 left on base; Wichita 0 - BlackIron 0
TOP OF THE 4TH
Wichita Wranglers batting - Pitching for BlackIron Dragons : RHP Ole Moree
Batting: RHB Travis Ezell 0-0: Foul Ball, location: 2F
0-1: Ball
1-1: Swinging Strike
1-2: Ball
2-2: Foul Ball, location: 2F
2-2: Ball
3-2: Strikes out swinging
Batting: RHB José López 0-0: Ball
1-0: Foul Ball, location: 2F
1-1: Foul Ball, location: 2F
1-2: Ball
2-2: Ball
3-2: Strikes out swinging
Batting: RHB Félix Gonzáles 0-0: Ball
1-0: Ball
2-0: Swinging Strike
2-1: SINGLE (Groundball, 4D)
Batting: LHB Richard Hinkle 0-0: Fly out, F3 (Popup, 34S)
Top of the 4th over - 0 run(s), 1 hit(s), 0 error(s), 1 left on base; Wichita 0 - BlackIron 0
BOTTOM OF THE 4TH
BlackIron Dragons batting - Pitching for Wichita Wranglers : RHP Rien Middelkamp
Batting: LHB Miguel García 0-0: Called Strike
0-1: Ball
1-1: Ball
2-1: Called Strike
2-2: Foul Ball, location: 2F
2-2: SOLO HOME RUN (Flyball, 8RXD), Distance : 428 ft
Batting: RHB Brady McIntyre 0-0: Foul Ball, location: 2F
0-1: Ground out U3 (Groundball, 34)
Batting: RHB Vernon Sterling 0-0: Ball
1-0: Called Strike
1-1: SINGLE (Line Drive, 9S)
Batting: LHB Jeff Thompson 0-0: Grounds into double play, 5-4-3 (Groundball, 56)
Bottom of the 4th over - 1 run(s), 2 hit(s), 0 error(s), 0 left on base; Wichita 0 - BlackIron 1
TOP OF THE 5TH
Wichita Wranglers batting - Pitching for BlackIron Dragons : RHP Ole Moree
Batting: RHB Rusty Bennett 0-0: Called Strike
0-1: Ball
1-1: Ball
2-1: Ball
3-1: Called Strike
3-2: Base on Balls
Batting: LHB Dudley Cooper 0-0: Ball
1-0: Ball
2-0: Called Strike
2-1: Grounds into double play, 4-6-3 (Groundball, 4)
Batting: RHB Jorge Barbosa 0-0: Called Strike
0-1: Ball
1-1: Swinging Strike
1-2: Foul Ball, location: 2F
1-2: Foul Ball, location: 2F
1-2: Ball
2-2: Ball
3-2: Base on Balls
Batting: RHB Ricardo Velásquez 0-0: Foul Ball, location: 2F
0-1: Ball
1-1: Fly out, F9 (Flyball, 9)
Top of the 5th over - 0 run(s), 0 hit(s), 0 error(s), 1 left on base; Wichita 0 - BlackIron 1
BOTTOM OF THE 5TH
BlackIron Dragons batting - Pitching for Wichita Wranglers : RHP Rien Middelkamp
Batting: LHB Manuel Cardenas 0-0: Called Strike
0-1: Called Strike
0-2: Ball
1-2: Foul Ball, location: 2F
1-2: Reached on error, E3 (Groundball, 3L)
Batting: LHB Milo Glenn 0-0: Called Strike
0-1: DOUBLE (Line Drive, 78M)
Manuel Cardenas to third
Batting: LHB António Romo 0-0: Ball
1-0: Fly out, F9 (Flyball, 89S)
Batting: RHB Bernardo Corona 0-0: Swinging Strike
0-1: Ball
1-1: DOUBLE (Flyball, 8LXD)
Manuel Cardenas scores
Milo Glenn scores
Batting: SHB Júlio Macías 0-0: Called Strike
0-1: Foul Ball, location: 2F
0-2: Ball
1-2: Ground out 5-3 (Groundball, 56S)
Bernardo Corona to third
Batting: LHB Miguel García 0-0: Ball
1-0: Ball
2-0: Called Strike
2-1: Foul Ball, location: 2F
2-2: Ball
3-2: Fly out, F8 (Flyball, 8LD)
Bottom of the 5th over - 2 run(s), 2 hit(s), 1 error(s), 1 left on base; Wichita 0 - BlackIron 3
TOP OF THE 6TH
Wichita Wranglers batting - Pitching for BlackIron Dragons : RHP Ole Moree
Batting: RHB Jesús Ramos 0-0: Ball
1-0: SINGLE (Line Drive, 89S)
Batting: RHB Travis Ezell 0-0: Called Strike
0-1: Called Strike
0-2: Ball
1-2: Foul Ball, location: 2F
1-2: Ball
2-2: Strikes out swinging
Batting: RHB José López 0-0: Called Strike
0-1: Foul Ball, location: 2F
0-2: Ball
1-2: Strikes out swinging
Batting: RHB Félix Gonzáles 0-0: Foul Ball, location: 2F
0-1: Foul Ball, location: 2F
0-2: Ball
1-2: Foul Ball, location: 2F
1-2: Foul Ball, location: 2F
1-2: Ball
Jesús Ramos is caught stealing 2nd base
Top of the 6th over - 0 run(s), 1 hit(s), 0 error(s), 0 left on base; Wichita 0 - BlackIron 3
BOTTOM OF THE 6TH
BlackIron Dragons batting - Pitching for Wichita Wranglers : RHP Rien Middelkamp
Batting: RHB Brady McIntyre 0-0: SINGLE (Groundball, 34D)
Batting: RHB Vernon Sterling 0-0: Called Strike
0-1: Ball
1-1: Foul Ball, location: 2F
1-2: Foul Ball, location: 2F
1-2: 2-RUN HOME RUN (Flyball, 89XD), Distance : 428 ft
Batting: LHB Jeff Thompson 0-0: SINGLE (Flyball, 7S)
Batting: LHB Manuel Cardenas 0-0: Hit by Pitch
Jeff Thompson to second
Batting: LHB Milo Glenn 0-0: Ball
1-0: SINGLE (Line Drive, 56)
Jeff Thompson to third
Manuel Cardenas to second
Batting: LHB António Romo 0-0: Called Strike
0-1: Ball
1-1: Ball
2-1: Fly out, F9 (Flyball, 9S)
Batting: RHB Bernardo Corona 0-0: Ball
1-0: Fly out, F6 (Popup, 6MD)
Pitching: RHP Tony Edmonds
Batting: SHB Júlio Macías 0-0: Ball
1-0: Called Strike
1-1: Foul Ball, location: 2F
1-2: Ball
2-2: Ball
3-2: Base on Balls
Jeff Thompson scores
Manuel Cardenas to third
Milo Glenn to second
Batting: LHB Miguel García 0-0: Ball
1-0: Ball
2-0: Foul Ball, location: 2F
2-1: Fly out, F8 (Flyball, 8RM)
Bottom of the 6th over - 3 run(s), 4 hit(s), 0 error(s), 3 left on base; Wichita 0 - BlackIron 6
TOP OF THE 7TH
Wichita Wranglers batting - Pitching for BlackIron Dragons : RHP Ole Moree
Batting: RHB Félix Gonzáles 0-0: Ball
1-0: Ground out 1-3 (Groundball, 15S)
Batting: LHB Richard Hinkle 0-0: Foul Ball, location: 2F
0-1: Ball
1-1: Called Strike
1-2: Strikes out swinging
Batting: RHB Rusty Bennett 0-0: Ball
1-0: Swinging Strike
1-1: SINGLE (Groundball, 6D)
Pitching: LHP Desi Wells
Batting: LHB Dudley Cooper 0-0: Fly out, F8 (Line Drive, 8RM)
Top of the 7th over - 0 run(s), 1 hit(s), 0 error(s), 1 left on base; Wichita 0 - BlackIron 6
BOTTOM OF THE 7TH
BlackIron Dragons batting - Pitching for Wichita Wranglers : RHP Tony Edmonds
Batting: RHB Brady McIntyre 0-0: Ball
1-0: Ball
2-0: Called Strike
2-1: Ground out 5-3 (Groundball, 5)
Batting: RHB Vernon Sterling 0-0: Ball
1-0: Foul Ball, location: 2F
1-1: Fly out, F8 (Flyball, 89M)
Batting: LHB Jeff Thompson 0-0: Called Strike
0-1: Called Strike
0-2: Strikes out swinging
Bottom of the 7th over - 0 run(s), 0 hit(s), 0 error(s), 0 left on base; Wichita 0 - BlackIron 6
TOP OF THE 8TH
Wichita Wranglers batting - Pitching for BlackIron Dragons : LHP Desi Wells
Now at 1B: Roderick Silva
Now in RF: Alexander Barr
Batting: RHB Jorge Barbosa 0-0: Ball
1-0: Called Strike
1-1: Called Strike
1-2: Ball
2-2: Foul Ball, location: 2F
2-2: Ball
3-2: Foul Ball, location: 2F
3-2: Base on Balls
Batting: RHB Ricardo Velásquez 0-0: Foul Ball, location: 2F
0-1: Ball
1-1: Grounds into double play, 5-4-3 (Groundball, 5)
Batting: RHB Jesús Ramos 0-0: Called Strike
0-1: Foul Ball, location: 2F
0-2: Ball
1-2: Foul Ball, location: 2F
1-2: Foul Ball, location: 2F
1-2: Ground out 6-3 (Groundball, 6)
Top of the 8th over - 0 run(s), 0 hit(s), 0 error(s), 0 left on base; Wichita 0 - BlackIron 6
BOTTOM OF THE 8TH
BlackIron Dragons batting - Pitching for Wichita Wranglers : RHP Tony Edmonds
Batting: LHB Manuel Cardenas 0-0: Swinging Strike
0-1: Swinging Strike
0-2: Ball
1-2: Ball
2-2: Ball
3-2: Foul Ball, location: 2F
3-2: Ground out U3 (Groundball, 3)
Batting: LHB Milo Glenn 0-0: Ball
1-0: Ball
2-0: Ball
3-0: Base on Balls
Batting: LHB António Romo 0-0: Ball
Wild Pitch!
Milo Glenn to second
1-0: Ball
2-0: Ground out 4-3 (Groundball, 4)
Milo Glenn to third
Batting: RHB Bernardo Corona 0-0: Called Strike
0-1: Ball
1-1: Foul Ball, location: 2F
1-2: Fly out, F7 (Flyball, 78M)
Bottom of the 8th over - 0 run(s), 0 hit(s), 0 error(s), 1 left on base; Wichita 0 - BlackIron 6
TOP OF THE 9TH
Wichita Wranglers batting - Pitching for BlackIron Dragons : LHP Desi Wells
Batting: RHB Travis Ezell 0-0: Called Strike
0-1: Ball
1-1: Foul Ball, location: 2F
1-2: Foul Ball, location: 2F
1-2: Hit by Pitch
Batting: RHB José López 0-0: Ball
1-0: Ball
2-0: Called Strike
2-1: Foul Ball, location: 2F
2-2: Foul Ball, location: 2F
2-2: Ball
3-2: Strikes out swinging
Batting: RHB Félix Gonzáles 0-0: Swinging Strike
0-1: Fly out, F8 (Flyball, 8RM)
Batting: LHB Richard Hinkle 0-0: Called Strike
0-1: Ball
1-1: Ball
2-1: Called Strike
2-2: Foul Ball, location: 2F
2-2: SINGLE (Groundball, 34D)
Travis Ezell to second
Runner from 2nd tries for 3rd, SAFE, no throw
Batting: RHB Rusty Bennett 0-0: Called Strike
0-1: Foul Ball, location: 2F
0-2: SINGLE (Line Drive, 9LS)
Travis Ezell scores
Richard Hinkle to second
Pitching: RHP Jason Mason
Batting: LHB Dudley Cooper 0-0: Called Strike
0-1: Foul Ball, location: 2F
0-2: Ball
1-2: Ball
2-2: SINGLE (Line Drive, 9S)
Richard Hinkle to third
Rusty Bennett to second
Batting: RHB Jorge Barbosa 0-0: Ground out 5-3 (Groundball, 56S)
Top of the 9th over - 1 run(s), 3 hit(s), 0 error(s), 3 left on base; Wichita 1 - BlackIron 6
Tuesday, August 8th, 2017 - OOTP Baseball 17.12 Build 75